cohdb
Replays
Latest Replays
All Replays
Popular Replays
Top Player Replays
Match Explorer
How It Works
Community
CoH3 Stats
Reddit
Sign in to upload your games and track your stats! →
Sign in with Steam
Match 43866692
Unlisted
Match 43866692
Overview
Messages
Build Orders
End
Selects Airborne Battlegroup
Selects Pathfinders
Pathfinder Squad
Pathfinder Squad
Construct Weapon Support Center
Sniper
Construct Medical Station
Selects Paratrooper Squad Paradrop
Paratrooper Squad Paradrop
Air Support Center
Engineer Squad
Double Sortie
P-47 Dive Bomb
Air Supremacy
P-47 Strafing Run
Selects Anti-tank Gun Team Paradrop
Selects Recon Loiter
.30 cal Machine Gun
Anti-tank Gun Team Paradrop
P-47 Dive Bomb
Selects Supply Drop
P-47 Strafing Run
.30 cal Machine Gun
Selects Dual P-47 Rocket Strike
P-47 Dive Bomb
MasterStef
Crossea
catchitin
Apofis
bigcheese
moon
0
0
Comments
sign in to comment!
No comments posted yet!